 Dungeon Crawl Stone Soup version 0.29-a0-266-gf56f883ddd (webtiles) character file.

Game seed: 11973391169779302865

276 enile the Insei (level 6, -11/46 HPs)
             Began as a Djinni Transmuter on Mar 6, 2022.
             Was a Follower of Makhleb.
             Mangled by an ogre
             ... wielding a +0 giant club
              (25 damage)
             ... on level 4 of the Dungeon.
             The game lasted 00:04:22 (4053 turns).

enile the Insei (Djinni Transmuter)                 Turns: 4053, Time: 00:04:22

Health: -11/46     AC:  7    Str:  9    XL:     6   Next: 50%
Gold:   128        EV: 12    Int: 17    God:    Makhleb [*.....] SH:  0 Dex: 13

rFire   + + .      SeeInvis .   m - staff of air
rCold   x . .      Faith    .   (no shield)
rNeg    . . .      Spirit   .   a - +0 robe
rPois   ∞          Reflect  .   (no helmet)
rElec   +          Harm     .   d - +2 cloak
rCorr   .          Rampage  .   k - +1 pair of gloves
Will    .....                   (boots unavailable)
Stlth   +.........              (no amulet)
HPRegen 0.15/turn               (no ring)
MPRegen 0.00/turn               (no ring)

@: flying
A: sickness immunity, fire resistance 2, cold vulnerability 1, float, innate
caster, HP casting, extra vitality 1
a: Renounce Religion


You were on level 4 of the Dungeon.
You worshipped Makhleb.
Makhleb was aware of your devotion.
You visited 1 branch of the dungeon, and saw 4 of its levels.

You collected 128 gold pieces.

Inventory:

Hand Weapons
 h - a +0 short sword
Armour
 a - a +0 robe (worn)
 d - a +2 cloak (worn)
 j - a +1 cloak
 k - a +1 pair of gloves (worn)
Magical Staves
 m - a staff of air (weapon)
Scrolls
 f - a scroll of summoning {unknown}
 g - a scroll of acquirement {unknown}
 i - a scroll of teleportation {unknown}
 l - a scroll of enchant armour {unknown}
 o - a scroll of blinking {unknown}
Potions
 b - a potion of lignification
 n - 2 potions of attraction {unknown}


   Skills:
 - Level 3.0 Fighting
 - Level 2.1 Dodging
 - Level 4.0 Unarmed Combat
 + Level 3.8 Spellcasting


You couldn't memorise any spells.
You knew the following spells:

 Your Spells              Type           Power      Damage    Failure   Level
a - Beastly Appendage     Tmut           32%        N/A       3%          1
b - Wereblood             Tmut           16%        N/A       4%          2
c - Spider Form           Tmut/Pois      16%        N/A       10%         3
d - Ice Form              Ice/Tmut       16%        N/A       32%         4
e - Animate Skeleton      Necr           32%        N/A       3%          1
f - Ensorcelled Hibernat  Hex/Ice        32%        N/A       4%          2
Your spell library was empty.

Dungeon Overview and Level Annotations

Branches:
Dungeon (4/15)
 Temple: D:4-7

Altars:
Fedhas
Makhleb

Annotations:
D:4 Sigmund


Innate Abilities, Weirdness & Mutations

You are immune to sickness and miasma.
You are immune to poison.
Your flesh is very heat resistant. (rF++)
You are vulnerable to cold. (rC-)
You float through the air rather than walking.
You learn spells naturally, not from books.
Your magical power is your life essence.
You have superior vitality. (+4 MHP)


Message History

The ball python hisses angrily.
The kobold hits you with a +0 short sword.
* * * LOW HITPOINT WARNING * * *
The kobold attacks as you move away!
The kobold hits you with a +0 short sword.
* * * LOW HITPOINT WARNING * * *
Items here: ))) †.
The kobold attacks as you move away! The kobold completely misses you.
The kobold throws a stone.
The stone barely misses you.
The kobold throws a stone.
The stone barely misses you.
The kobold throws a stone.
The stone hits you but does no damage.
You see here 17 stones.
Your transformation is almost over.
You warm up again.
Your staff of air unmelds from your body.
Your +2 cloak unmelds from your body.
Your +1 pair of gloves unmelds from your body.
Your +0 robe unmelds from your body.
As you read the scroll labelled SOGYPN HAPUP, it crumbles to dust.
You assume a fearsome visage.
The kobold looks frightened!
It was a scroll of fear.
As you read the scroll labelled KIFITT PUMPUP, it crumbles to dust.
You feel aware of your surroundings.
You sensed 2 altars.
It was a scroll of magic mapping.
The ogre barely misses you.
Really fly into that dispersal trap?
You enter a dispersal trap!
The ogre blinks!
You blink.
The ball python enters a dispersal trap!
You blink.
The ball python blinks!
Casting: Ice Form (quite dangerous; 32% risk of failure)
Confirm with . or Enter, or press ? or * to list all spells.
Aiming: Ensorcelled Hibernation (safe; 4% risk of failure)
Press: ? - help, Shift-Dir - straight line, f - ogre
Aim: an ogre, wielding a +0 giant club (moderately wounded, chance to affect: 50%)
The ogre resists with some effort.
* * * LOW HITPOINT WARNING * * *
The ogre attacks as you move away!
The ogre hits you with a +0 giant club!!
Ouch! That really hurt!
You die...

.....,####.######.#
##.###.## ....###....#
#.####...#.#.##
##.........#
#......#..###.###
#....####.##
######..).†#.###.
..†..###...#*
##S§........#
...#.....#..#
#.#...S....##
....####....####*
##^#..#####.# ...##
##.......#######.#.# ##†
.#.#
**#.###.@O.S......######.
##.# *.#
########........... ##.#
*,* #.#########. #.# *,*
#.# *#. #.#*******,* #.#
**#.. #..,,,,,,,,* #.#
*,..#
**********,*********#.#
*,*.* *,,,>,,,,,,#.#
*,,,* *,********,*,*
***,,


You could see an ogre and a ball python.

Vanquished Creatures
  A black bear (D:4)
  A hound (D:4)
  2 iguanas (D:4)
  5 adders
  3 dart slugs
  An orc (D:4)
  4 bats
  5 endoplasms
  2 giant cockroaches
  2 goblins
  7 hobgoblins
  4 kobolds
  3 quokkas
  7 ball pythons
  11 frilled lizards
  A rat (D:1)
59 creatures vanquished.

Vanquished Creatures (others)
  4 plants (D:4)
  3 withered plants (D:4)
7 creatures vanquished.

Grand Total: 66 creatures vanquished

Notes
Turn   | Place    | Note
-------+----------+-------------------------------------------
     0 | D:1      | enile the Djinni Transmuter began the quest for the Orb.
     0 | D:1      | Reached XP level 1. HP: 17/17 MP: 0/0
   340 | D:1      | Reached XP level 2. HP: 19/23 MP: 0/0
   823 | D:1      | Reached XP level 3. HP: 18/29 MP: 0/0
   823 | D:1      | Learned a level 1 spell: Animate Skeleton
  1648 | D:2      | Reached XP level 4. HP: 23/35 MP: 0/0
  2563 | D:3      | Found a faded altar of an unknown god.
  2634 | D:3      | Prayed at the altar of an unknown god.
  2634 | D:3      | Became a worshipper of Makhleb the Destroyer
  2634 | D:3      | Reached * piety under Makhleb
  3292 | D:4      | Noticed Sigmund
  3346 | D:4      | Reached XP level 5. HP: 4/40 MP: 0/0
  3346 | D:4      | Learned a level 2 spell: Ensorcelled Hibernation
  3764 | D:4      | Noticed a black bear
  3773 | D:4      | Killed a black bear
  3774 | D:4      | Reached skill level 4 in Unarmed Combat
  3774 | D:4      | Reached XP level 6. HP: 37/46 MP: 0/0
  3877 | D:4      | Found a blossoming altar of Fedhas.
  4014 | D:4      | Noticed an ogre
  4053 | D:4      | Mangled by an ogre

Illustrated notes

Levels and vault maps discovered:
D:1:      dpeg_arrival_tiny_h, layout_loops_ring
D:2:      layout_basic, minmay_lizard_pond
D:3:      layout_loops_ring, chequers_ecumenical_altar_twisty,
          minmay_misc_feat_rows
D:4:      layout_loops_ring, grunt_temple_overflow_growth_and_decay,
          trog_ov_bears_minmay, minmay_fractal_squares_5, uniq_sigmund

Skill      XL: |  1  2  3  4  5 |
---------------+----------------+-----
Fighting       | 2 3 |  3.0
Spellcasting   | 2 3 |  3.8
Unarmed Combat | 4 |  4.0
Dodging        | |  2.1

Action                   |  1- 3 |  4- 6 || total
-------------------------+-------+-------++-------
Melee: Unarmed           |    88 |    41 ||   129
       Headbutt          |     9 |     5 ||    14
       Short sword       |     2 |    13 ||    15
       Punch             |     2 |     3 ||     5
       Staff             |       |    49 ||    49
 Cast: Beastly Appendage |    15 |    11 ||    26
       Wereblood         |     1 |     4 ||     5
       Spider Form       |     6 |     5 ||    11
       Ensorcelled Hiber |       |     3 ||     3
       Ice Form          |       |     4 ||     4
  Use: Scroll            |       |     2 ||     2
Armor: Robe              |    26 |    35 ||    61
       Skin              |     1 |    12 ||    13
Dodge: Dodged            |    87 |    96 ||   183

Table legend: (Time is in decaauts)
 A = Elapsed time spent in this place.
 B = Non-inter-level travel time spent in this place.
 C = Inter-level travel time spent in this place.
 D = Time resting spent in this place.
 E = Time spent auto-exploring this place.
 F = Levels seen in this place.
 G = Mean time per level.
                   A        B        C        D        E       F      G
               +--------+--------+--------+--------+--------+-----+--------+
         Total |   4056 |   3898 |    158 |      0 |   3320 |   4 | 1014.0 |
       Dungeon |   4056 |   3898 |    158 |      0 |   3320 |   4 | 1014.0 |
               +--------+--------+--------+--------+--------+-----+--------+

Top non-repeatable levels by time:
     D:1: 1329 daAuts
     D:2: 1082 daAuts
     D:3: 919 daAuts
     D:4: 725 daAuts
